 Dungeon Crawl Stone Soup version 0.29-a0-322-g68df515428 (webtiles) character file.

Game seed: 15445931273760437590

1026 Bnni the Covert (level 8, 0/54 HPs)
             Began as an Octopode Brigand on Apr 6, 2022.
             Was a Follower of Uskayaw.
             Splashed by a jelly's acid (9 damage)
             ... on level 6 of the Dungeon.
             The game lasted 00:09:57 (5208 turns).

Bnni the Covert (Octopode Brigand)                  Turns: 5208, Time: 00:09:59

Health: 0/54       AC: -7    Str: 10    XL:     8   Next: 23%
Magic:  8/8        EV: 13    Int: 13    God:    Uskayaw [*.....]
Gold:   338        SH:  0    Dex: 16    Spells: 7/7 levels left

rFire   . . .      SeeInvis .   a - +2 dagger
rCold   . . .      Faith    .   o - orb {*Rage}
rNeg    . . .      Spirit   .   (helmet restricted)
rPois   .          Reflect  .   (no amulet)
rElec   .          Harm     .   (no ring)
rCorr   .          Rampage  .   (no ring)
Will    .....      Rage     20% (no ring)
Stlth   +++++.....              (no ring)
HPRegen 0.18/turn               (no ring)
MPRegen 0.11/turn               (no ring)
                                (no ring)
                                (no ring)

@: corroded, on berserk cooldown, slowed, very slow
A: almost no armour, amphibious, 8 rings, camouflage 1, gelatinous body 1,
(nimble swimmer 1), tentacles
a: Renounce Religion, Stomp


You were on level 6 of the Dungeon.
You worshipped Uskayaw.
Uskayaw was noncommittal.
You visited 2 branches of the dungeon, and saw 7 of its levels.
You also visited: Sewer.

You collected 338 gold pieces.

Inventory:

Hand Weapons
 a - a +2 dagger (weapon)
 e - a +0 rapier
 k - a +0 trident
Missiles
 b - 17 poisoned darts (quivered)
 c - 3 curare-tipped darts
Armour
 o - an orb of wrath (worn)
Jewellery
 f - a ring of ice
Scrolls
 g - a scroll of holy word {unknown}
 j - a scroll of fog {unknown}
 p - a scroll of blinking
 s - a scroll of teleportation
Potions
 d - 5 potions of curing
 i - 2 potions of resistance
 l - 2 potions of brilliance
 m - 2 potions of attraction
 n - 2 potions of haste
 q - 2 potions of flight
 r - 4 potions of heal wounds


   Skills:
 + Level 4.9 Fighting
 * Level 6.7 Short Blades
 - Level 0.3(4.1) Long Blades
 - Level 2.0 Throwing
 - Level 1.0 Dodging
 + Level 8.8 Stealth


You had 7 spell levels left.
You didn't know any spells.
Your spell library contained the following spells:

 Spells                   Type           Power      Damage    Failure   Level
 Beastly Appendage        Tmut           0%         N/A       30%         1
 Blink                    Tloc           0%         N/A       43%         2
 Corpse Rot               Necr/Air       0%         N/A       43%         2
 Ensorcelled Hibernation  Hex/Ice        0%         N/A       43%         2
 Poisonous Vapours        Pois/Air       0%         N/A       43%         2
 Wereblood                Tmut           0%         N/A       43%         2
 Spider Form              Tmut/Pois      0%         N/A       67%         3
 Anguish                  Hex/Necr       0%         N/A       97%         4
 Manifold Assault         Tloc           0%         N/A       100%        5
 Storm Form               Tmut/Air       0%         N/A       100%        7


Dungeon Overview and Level Annotations

Branches:
Dungeon (6/15)             Temple (1/1) D:4           Sewer (visited)

Altars:
Ashenzari
Dithmenos
Okawaru
Qazlal
Sif Muna
Uskayaw
Wu Jian
Yredelemnul
Zin
The Shining One

Shops:
D:6 *


Innate Abilities, Weirdness & Mutations

You cannot wear most types of armour.
You are amphibious.
You can wear up to eight rings at the same time.
Your skin changes colour to match your surroundings (Stealth+).
Your rubbery body absorbs attacks. (AC +1, EV +1)
((You are camouflaged when in or above water. (Stealth+)))
You have tentacles for arms and can constrict up to eight enemies at once.


Message History

The ice beast is heavily wounded.
You can now merge with and destroy a victim.
You puncture the ice beast!
The ice beast is almost dead.
The ice beast is no longer sharing its pain.
The ice beast hits you. The ice beast freezes you!
You puncture the ice beast!
You kill the ice beast!
You start resting.
You feel a strong urge to attack something.
Found an escape hatch in the ceiling.
You are no longer berserk.
You are exhausted.
You feel yourself slow down.
You pick up a book of Dreams and begin reading...
You add the spells Ensorcelled Hibernation and Anguish to your library.
You start resting.
A jelly comes into view.
Found Cazxugis's Assorted Antiques.
You can no longer pass through a line of other dancers.
Found an escape hatch in the floor.
The jelly hits you.
You are splashed with acid!
You hit the jelly.
Your tentacles burn!
The jelly is lightly wounded.
The jelly hits you.
You are splashed with acid!
You are too injured to fight recklessly!
You are too injured to fight recklessly!
You are too injured to fight recklessly!
You hit the jelly.
Your tentacles burn!
The jelly is moderately wounded.
The jelly hits you. The acid corrodes you!
You are splashed with acid.
* * * LOW HITPOINT WARNING * * *
You hit the jelly.
Your tentacles burn!
* * * LOW HITPOINT WARNING * * *
You squeeze the jelly, but do no damage.
The jelly is moderately wounded.
The jelly hits you.
* * * LOW HITPOINT WARNING * * *
The acid corrodes you!
You are splashed with acid!
You die...

#.# #.. #.# #.# #.# #.#
# #########.########.#
##.
........†...(......###.#
..................$.....
.............).....###..
..................># #..
....?.J@................
.........#.........###..
.........#.........# #..
..8......#.......... ...
..<...............>!....
8.∩.8.#####.##.### #####
##..## .# .# #8>


You could see a jelly.

Vanquished Creatures
  3 ice beasts
  A phantom (D:4)
  2 kobold brigands (Sewer)
  A necrophage (D:5)
  A bullfrog (D:6)
  A scorpion (D:6)
  A howler monkey (D:6)
  3 iguanas
  The ghost of Flugkiller the Skirmisher, a weakling MyCK of Xom (D:3)
  3 gnolls (D:2)
  2 river rats (Sewer)
  8 adders
  An ufetubus (D:5)
  A worm (D:3)
  A dart slug (D:1)
  7 orcs
  7 endoplasms
  3 giant cockroaches
  7 goblins
  8 hobgoblins
  A jackal (Sewer)
  2 quokkas
  5 ball pythons
  3 bats
  5 frilled lizards
  7 kobolds
  8 rats
93 creatures vanquished.

Notes
Turn   | Place    | Note
-------+----------+-------------------------------------------
     0 | D:1      | Bnni the Octopode Brigand began the quest for the Orb.
     0 | D:1      | Reached XP level 1. HP: 14/14 MP: 1/1
   129 | D:1      | Reached XP level 2. HP: 19/19 MP: 2/2
   465 | D:1      | Found a faded altar of an unknown god.
   596 | D:1      | Reached XP level 3. HP: 24/24 MP: 3/3
  1080 | D:2      | Reached skill level 6 in Stealth
  1253 | D:2      | Reached XP level 4. HP: 17/30 MP: 4/4
  2218 | D:3      | Noticed Flugkiller's ghost (weakling MyCK)
  2312 | D:3      | Found a runed translucent door.
  2749 | D:3      | Killed Flugkiller's ghost
  2750 | D:3      | Reached XP level 5. HP: 35/35 MP: 5/5
  2819 | D:4      | Noticed a phantom
  2842 | D:4      | Killed a phantom
  3157 | D:4      | Found a glowing drain.
  3160 | D:4      | Reached skill level 7 in Stealth
  3168 | Sewer    | Entered a sewer
  3179 | Sewer    | Reached XP level 6. HP: 42/42 MP: 6/6
  3325 | Sewer    | Found a white marble altar of Elyvilon.
  3399 | D:4      | Found a staircase to the Ecumenical Temple.
  3406 | Temple   | Entered the Ecumenical Temple
  3454 | Temple   | Became a worshipper of Uskayaw the Reveller
  3558 | D:4      | Reached * piety under Uskayaw
  3561 | D:4      | Reached ** piety under Uskayaw
  3564 | D:4      | Reached skill level 5 in Short Blades
  3570 | D:4      | Reached *** piety under Uskayaw
  3875 | D:4      | Reached XP level 7. HP: 47/47 MP: 7/7
  4157 | D:5      | Entered Level 5 of the Dungeon
  4365 | D:5      | Reached skill level 8 in Stealth
  5182 | D:6      | Reached XP level 8. HP: 54/54 MP: 8/8
  5184 | D:6      | Reached **** piety under Uskayaw
  5188 | D:6      | Reached ***** piety under Uskayaw
  5203 | D:6      | Found Cazxugis's Assorted Antiques.
  5208 | D:6      | Splashed by a jelly's acid

Illustrated notes

Levels and vault maps discovered:
D:1:      dpeg_arrival_rooms_c, layout_basic, ebering_ecumenical_altar_hall,
          chequers_avenue, minivault_26
D:2:      layout_basic
D:3:      layout_rooms, hellmonk_ghost_happy_afterlife
D:4:      layout_gridville, minmay_temple_entry_junction, portal_sewer_entry_d,
          guppyfry_early_lair_pool
D:5:      layout_basic
D:6:      layout_loops_ring, serial_shops, nicolae_shop_statue_plus
Temple:   eino_wide_crystal_templ

Skill      XL: |  1  2  3  4  5  6  7 |
---------------+----------------------+-----
Stealth        | 6 7 8 |  8.8
Short Blades   | 3 4 5 6 |  6.7
Fighting       | 3 4 |  4.9
Long Blades    | |  0.3
Throwing       | |  2.0
Dodging        | |  1.0

Action                   |  1- 3 |  4- 6 |  7- 9 || total
-------------------------+-------+-------+-------++-------
Melee: Dagger            |    52 |    84 |    39 ||   175
       Constrict         |     7 |    19 |     8 ||    34
       Tentacles         |     4 |    19 |    12 ||    35
       Rapier            |       |    24 |     5 ||    29
       Punch             |       |       |     1 ||     1
Throw: Dart              |     2 |     5 |       ||     7
  Use: Scroll            |       |     6 |     2 ||     8
 Stab: Sleeping          |    16 |     8 |     5 ||    29
       Paralysed         |       |       |     1 ||     1
Armor: Skin              |     6 |     6 |     2 ||    14
Dodge: Dodged            |    17 |    54 |     7 ||    78

Table legend: (Time is in decaauts)
 A = Elapsed time spent in this place.
 B = Non-inter-level travel time spent in this place.
 C = Inter-level travel time spent in this place.
 D = Time resting spent in this place.
 E = Time spent auto-exploring this place.
 F = Levels seen in this place.
 G = Mean time per level.
                   A        B        C        D        E       F      G
               +--------+--------+--------+--------+--------+-----+--------+
         Total |   5281 |   5158 |    123 |    569 |   3848 |   8 |  660.1 |
       Dungeon |   5005 |   4896 |    109 |    568 |   3642 |   6 |  834.2 |
        Temple |     63 |     49 |     14 |      0 |     38 |   1 |   63.0 |
         Sewer |    213 |    213 |      0 |      1 |    167 |   1 |  213.0 |
               +--------+--------+--------+--------+--------+-----+--------+

Top non-repeatable levels by time:
     D:2: 1309 daAuts
     D:4: 1121 daAuts
     D:5: 1015 daAuts
     D:1: 889 daAuts
     D:3: 623 daAuts
   Sewer: 213 daAuts
  Temple: 63 daAuts
     D:6: 46 daAuts
